 Dungeon Crawl Stone Soup version 0.17-a0-1411-g06ff558 (webtiles) character file.

434 nuthulu the Skirmisher (level 7, -15/47 HPs)
             Began as a Gargoyle Fighter on June 23, 2015.
             Was a Follower of Okawaru.
             Engulfed by a cloud of flame (26 damage)
             ... on level 3 of the Dungeon.
             The game lasted 00:07:37 (3653 turns).

nuthulu the Skirmisher (Gargoyle Fighter)           Turns: 3653, Time: 00:07:37

Health: -15/47     AC: 15    Str: 22    XL:     7   Next: 0%
Magic:  7/7        EV:  7    Int:  8    God:    Okawaru [*.....]
Gold:   140        SH:  9    Dex:  9    Spells: 0 memorised, 6 levels left

rFire  . . .     SeeInvis .     f - +2 flail (venom)
rCold  . . .     Clarity  .     b - +0 scale mail
rNeg   + . .     SustAt   .     c - +0 shield
rPois  ∞         Gourm    +     n - +1 helmet
rElec  +         Spirit   .     s - +0 cloak
rCorr  .         Warding  .     (no gloves)
rMut   .         Stasis   .     (no boots)
MR     .....                    q - amulet of the gourmand
Stlth  ..........               (no ring)
                                (no ring)

@: about to teleport, not resistant to hostile enchantments, extremely
unstealthy
A: negative energy resistance 1, electricity resistance, unbreathing,
petrification resistance, rot immunity, AC +4
a: Heroism, Renounce Religion


You were on level 3 of the Dungeon.
You worshipped Okawaru.
Okawaru was aware of your devotion.
You were not hungry.

You visited 1 branch of the dungeon, and saw 3 of its levels.

You collected 140 gold pieces.

Inventory:

Hand weapons
 a - a +2 flail
 f - a +2 flail of venom (weapon)
Missiles
 j - 2 throwing nets (quivered)
Armour
 b - a +0 scale mail (worn)
 c - a +0 shield (worn)
 n - a +1 helmet (worn)
 s - a +0 cloak (worn)
Jewellery
 q - an amulet of the gourmand (around neck)
Magical devices
 p - a wand of digging (14)
Scrolls
 g - a scroll of magic mapping
 k - a scroll of amnesia
 l - 2 scrolls of remove curse
Potions
 d - 2 potions of might
 h - a potion of mutation {unknown}
 i - a potion of lignification
 u - a potion of brilliance
Comestibles
 e - 4 bread rations
 m - 2 meat rations
 r - a chunk of flesh


   Skills:
 * Level 6.3 Fighting
 * Level 5.1 Maces & Flails
 - Level 3.3 Armour
 - Level 3.5 Shields


You had 6 spell levels left.
You didn't know any spells.

Dungeon Overview and Level Annotations

Branches:
Dungeon (3/15)

Altars:
Dithmenos
Okawaru
Xom


Innate Abilities, Weirdness & Mutations

You are resistant to torment.
Your stone body is resilient (AC +4).
You are immune to poison.
You resist negative energy.
You are resistant to electric shocks.
You can survive without breathing.
You are immune to petrification.
You are immune to rotting.


Message History

Read which item? (? for menu, Esc to quit)
As you read the scroll labeled YRHENU QIRA, it crumbles to dust.
The creatures around you are filled with an inner flame!
It was a scroll of immolation.
The bat closely misses you.
Read which item? (? for menu, Esc to quit)
As you read the scroll labeled RAG KOFREDYRUMIKH, it crumbles to dust.
You feel strangely unstable.
It was a scroll of teleportation.
The bat hits you but does no damage. x2
You barely miss the bat. You block the bat's attack.
The bat hits you but does no damage. x2
You block the bat's attack. x2
You thump the bat!
The bat explodes!
The fiery explosion engulfs you!
Ouch! That really hurt!
* * * LOW HITPOINT WARNING * * *
Okawaru accepts your kill.
You are engulfed in roaring flames.
Ouch! That really hurt!
You die...

#######.###.##..
#...........##..
#..........####.
#.........## #.
#.........# ##
#....)....# #
#.........#
#########§........#
#......@§§........#
#.#################
#.##### #.....#
#####.###.#
#.........#
#≈.≈÷.....#
#.≈≈≈÷....#
#≈≈≈≈≈≈...#


There were no monsters in sight!

Vanquished Creatures
  An ogre (D:3)
  A hound (D:3)
  Crazy Yiuf (D:2)
  Natasha (thrice) (D:2)
  Robin (D:2)
  11 gnolls
  3 adders
  A river rat (D:3)
  2 oozes
  4 worms
  3 giant geckos
  2 ball pythons (D:3)
  9 bats
  A giant cockroach (D:3)
  10 hobgoblins
  3 quokkas (D:3)
  3 giant newts (D:2)
  12 goblins
  2 jackals (D:1)
  6 kobolds
  12 rats
91 creatures vanquished.

Notes
Turn   | Place    | Note
--------------------------------------------------------------
     0 | D:1      | nuthulu the Gargoyle Fighter began the quest for the Orb.
     0 | D:1      | Reached XP level 1. HP: 14/14 MP: 1/1
    61 | D:1      | Reached XP level 2. HP: 17/19 MP: 2/2
   595 | D:1      | Reached skill level 4 in Fighting
   660 | D:1      | Reached XP level 3. HP: 24/24 MP: 3/3
  1071 | D:2      | Noticed Natasha
  1091 | D:2      | Killed Natasha
  1329 | D:1      | Reached XP level 4. HP: 23/30 MP: 4/4
  1769 | D:2      | Found a shimmering altar of Xom.
  1868 | D:2      | Found an iron altar of Okawaru.
  1881 | D:2      | Found a faded altar to an unknown god.
  1885 | D:2      | Became a worshipper of Warmaster Okawaru
  2016 | D:2      | Reached skill level 5 in Fighting
  2023 | D:2      | Reached XP level 5. HP: 33/35 MP: 5/5
  2044 | D:2      | Noticed Robin
  2048 | D:2      | Killed Robin
  2340 | D:2      | Noticed Natasha
  2343 | D:2      | Killed Natasha
  2427 | D:2      | Noticed Natasha
  2433 | D:2      | Killed Natasha
  2560 | D:2      | Noticed Crazy Yiuf
  2568 | D:2      | Killed Crazy Yiuf
  2568 | D:2      | Reached XP level 6. HP: 40/40 MP: 2/6
  3001 | D:3      | Acquired Okawaru's first power
  3001 | D:3      | Reached skill level 6 in Fighting
  3060 | D:3      | Found a shadowy altar of Dithmenos.
  3175 | D:3      | Reached skill level 5 in Maces & Flails
  3493 | D:3      | Reached XP level 7. HP: 26/47 MP: 7/7
  3653 | D:3      | Engulfed by a cloud of flame

Vault maps used:
D:1:      nicolae_arrival_somewhat_less_tricky_arrival, hex_medium
D:2:      grunt_temple_overflow_open, ecumenical_altar_2,
          minmay_misc_feat_columns, uniq_robin, uniq_natasha,
          uniq_crazy_yiuf_cottage
D:3:      portal_sewer_entry_e, nicolae_dithmenos_shadow_blocks

Action                   |  1- 3 |  4- 6 |  7- 9 || total
-------------------------+-------+-------+-------++-------
Melee: Flail             |   102 |   197 |     6 ||   305
  Use: Scroll            |     6 |     4 |     2 ||    12
       Potion            |     1 |     1 |       ||     2
  Eat: Chunk             |     1 |     7 |     1 ||     9
